 Dungeon Crawl Stone Soup version 0.30-a0-739-gea05faddec (webtiles) character file.

Game seed: 12248358755351331885

5 KleinerIrrer the Sneak (level 1, -1/16 HPs)
             Began as an Octopode Delver on Feb 4, 2023.
             Slain by Grinder (5 damage)
             ... on level 4 of the Dungeon.
             The game lasted 00:01:19 (352 turns).

KleinerIrrer the Sneak (Octopode Delver)             Turns: 352, Time: 00:01:19

Health: -1/16      AC:  1    Str: 11    XL:     1   Next: 80%
Magic:  1/1        EV: 13    Int: 12    God:
Gold:   10         SH:  0    Dex: 13    Spells: 0/0 levels left

rFire   . . .      SeeInvis .      - Unarmed
rCold   . . .      Faith    .    (no shield)
rNeg    . . .      Spirit   .    (helmet restricted)
rPois   .          Reflect  .    h - amulet of the acrobat
rElec   .          Harm     .    (no ring)
rCorr   .          Rampage  .    (no ring)
Will    .....                    (no ring)
Stlth   ++++                     (no ring)
HPRegen 0.22/turn                (no ring)
MPRegen 0.07/turn                (no ring)
                                 (no ring)
                                 (no ring)

@: no status effects
A: almost no armour, amphibious, 8 rings, camouflage 1, gelatinous body 1,
(nimble swimmer 1), tentacles
a: no special abilities


You were on level 4 of the Dungeon.
You visited 1 branch of the dungeon, and saw 3 of its levels.

You collected 10 gold pieces.

Inventory:

Jewellery
 h - an amulet of the acrobat (around mantle)
Wands
 e - a wand of digging (3)
Scrolls
 a - a scroll of fog
 b - a scroll of magic mapping
 c - a scroll of fear
 f - a scroll of vulnerability {unknown}
 g - a scroll of teleportation
 j - a scroll of identify {unknown}
 k - a scroll of immolation {unknown}
Potions
 d - a potion of haste
 i - a potion of attraction {unknown}


   Skills:
 - Level 3.0 Fighting
 - Level 2.0 Dodging
 - Level 6.6 Stealth
 + Level 2.5 Unarmed Combat


You couldn't memorise any spells.
You didn't know any spells.
Your spell library was empty.

Dungeon Overview and Level Annotations

Branches:
Dungeon (5/15)
 Temple: D:4-7

Altars:

Annotations:
D:4 Grinder


Innate Abilities, Weirdness & Mutations

You cannot wear most types of armour.
You are amphibious.
You can wear up to eight rings at the same time.
Your skin changes colour to match your surroundings (Stealth+).
Your rubbery body absorbs attacks. (AC +1, EV +1)
((You are camouflaged when in or above water. (Stealth+)))
You have tentacles for arms and can constrict up to eight enemies at once.


Message History

There is an open door here.
You see here a scroll labelled TEXEOTS ZIPIRERIL.
j - a scroll labelled TEXEOTS ZIPIRERIL You see here a scroll labelled EZACAAQ PEITTAR.
k - a scroll labelled EZACAAQ PEITTAR
As you read the scroll labelled EPUICR KOUHIY, it crumbles to dust.
You feel strangely unstable.
It was a scroll of teleportation.
Your surroundings suddenly seem different.
There is a stone staircase leading up here.
An orc comes into view. It is wielding a +0 club.
Grinder comes into view.
The helpless orc fails to defend itself.
You tentacle-slap the orc. Your grab misses the orc.
The orc is lightly wounded.
The orc hits you with a +0 club.
Grinder blinks!
You tentacle-slap the orc. You grab the orc. You squeeze the orc.
You kill the orc!
Grinder misses you.
You closely miss Grinder. Your grab misses Grinder. You squeeze Grinder.
Grinder is lightly wounded.
Grinder closely misses you.
You tentacle-slap Grinder. Your grab misses Grinder.
Grinder is lightly wounded.
Grinder says, "Make like a tree!"
Grinder hits you!
You writhe in agony.
* * * LOW HITPOINT WARNING * * *
You closely miss Grinder. You grab Grinder.
Grinder is lightly wounded.
You constrict Grinder. Grinder gestures at you.
You struggle to resist.
You tentacle-slap Grinder.
Grinder is lightly wounded.
You constrict Grinder, but do no damage.
Grinder closely misses you.
You barely miss Grinder.
Grinder is lightly wounded.
You constrict Grinder, but do no damage.
Grinder hits you.
You die...

.........>...........'.........+
#...#########<....####.......^.#
##.## ####.## ##.......## #.#
#.# ##.....## #.. #.# ##...##
###. #.# ##+## .# #.# # #.# #@#
#)5....# ######.# . . . #


You could see Grinder.

Vanquished Creatures
  An orc (D:4)
  A quokka (D:5)
  2 kobolds (D:3)
  A rat (D:3)
5 creatures vanquished.

Notes
Turn   | Place    | Note
-------+----------+-------------------------------------------
     0 | D:5      | KleinerIrrer the Octopode Delver began the quest for the
                  | Orb.
     0 | D:5      | Reached XP level 1. HP: 16/16 MP: 1/1
   106 | D:4      | Noticed an orc wizard
   125 | D:4      | Noticed a gnoll bouda
   341 | D:4      | Noticed Grinder
   352 | D:4      | Slain by Grinder

Illustrated notes

Levels and vault maps discovered:
D:3:      layout_basic, serial_bayou_pond_a, nicolae_elevator_lobby_asterisk,
          uniq_pargi
D:4:      layout_loops_corners, bloody_makhleb, uniq_grinder
D:5:      layout_basic, mainiacjoe_overflow_paths

Action                     || total
---------------------------++-------
  Melee: Unarmed           ||    12
         Constrict         ||     4
         Tentacles         ||     3
    Use: Scroll            ||     1
   Stab: Sleeping          ||     3
  Dodge: Dodged            ||     4

Table legend: (Time is in decaauts)
 A = Elapsed time spent in this place.
 B = Non-inter-level travel time spent in this place.
 C = Inter-level travel time spent in this place.
 D = Time resting spent in this place.
 E = Time spent auto-exploring this place.
 F = Levels seen in this place.
 G = Mean time per level.
                   A        B        C        D        E       F      G
               +--------+--------+--------+--------+--------+-----+--------+
         Total |    351 |    133 |    218 |      0 |     57 |   3 |  117.0 |
       Dungeon |    351 |    133 |    218 |      0 |     57 |   3 |  117.0 |
               +--------+--------+--------+--------+--------+-----+--------+

Top non-repeatable levels by time:
     D:3: 178 daAuts
     D:4: 113 daAuts
     D:5: 60 daAuts
